AoeStats
← Caribe

Arena

505579495Analyzed
1v1 RM · 22d ago on Sep 10, 2026· 37m 4s· 2 players
Game mode
Random Map
Map size
Tiny (2 player)
Population
200
Speed
Normal
Resources
Standard
Victory
Conquest
Starting age
Dark Age
Ending age
Imperial Age
RankedLock teamsTeams togetherTeam positionsShared explorationLock speedFull tech treeHidden civsTurbo modeCheats
Victory
Defeat
🇻🇪 Spanish · Venezuela
1231
+14
🇧🇷 Mongols · Brazil
1195
-14
theoschuler
11:10 Feudal Age
11:46 Feudal Age
13:21 Double-Bit Axe
13:19 Horse Collar
15:55 Castle Age
14:45 Stone Mining
17:03 Loom
18:58 Padded Archer Armor
20:56 Fletching
22:21 Bodkin Arrow
28:46 Leather Archer Armor
29:44 Town Watch
35:10 Imperial Age
34:45 Light Cavalry
Caribe
11:06 Feudal Age
15:12 Castle Age
13:46 Double-Bit Axe
14:02 Loom
14:19 Horse Collar
16:05 Bow Saw
16:37 Town Watch
20:53 Heavy Plow
26:46 Imperial Age
25:32 Fletching
25:27 Elite Skirmisher
26:53 Bodkin Arrow
29:15 Bracer
30:05 Padded Archer Armor
34:04 Two-Man Saw
33:44 Forging
33:40 Scale Barding Armor
34:10 Leather Archer Armor
34:40 Bloodlines
34:31 Husbandry
35:22 Ballistics
35:42 Husbandry
36:34 Iron Casting
36:55 Cavalier
Connection lost

Rejoining the realm…

Still unreachable

The connection could not be restored.

Session expired

The server has moved on; the page needs a fresh start.